AoeStats
← Hallo22062

Arabia

509194005Analyzed
3v3 RM · 6d ago on Sep 25, 2026· 32m 6s· 6 players
Game mode
Random Map
Map size
Normal (6 player)
Population
200
Speed
Normal
Resources
Standard
Victory
Conquest
Starting age
Dark Age
Ending age
Imperial Age
RankedLock teamsTeams togetherTeam positionsShared explorationLock speedFull tech treeHidden civsTurbo modeCheats
Victory
Defeat
🇩🇪 Varangians · Germany
1452
+10
🇩🇪 Magyars · Germany
1401
+12
🇩🇪 Saxons · Germany
1383
+12
🇩🇪 Japanese · Germany
1371
-13
🇩🇪 Byzantines · Germany
1371
-14
🇩🇪 Britons · Germany
1173
-7
EffizienzJens
7:11 Loom
9:41 Feudal Age
10:10 Double-Bit Axe
10:07 Horse Collar
21:27 Castle Age
20:02 Scale Barding Armor
21:15 Forging
22:43 Chain Barding Armor
25:58 Husbandry
31:25 Bow Saw
OfficerSchwien
11:00 Feudal Age
9:15 Loom
13:40 Gold Mining
14:24 Padded Archer Armor
14:54 Horse Collar
15:07 Double-Bit Axe
19:01 Fletching
25:24 Castle Age
25:30 Pikeman
29:17 Crossbowman
matsufuasu
6:22 Loom
9:48 Feudal Age
10:25 Double-Bit Axe
10:23 Horse Collar
17:47 Gold Mining
21:14 Castle Age
19:38 Bloodlines
19:39 Fletching
20:44 Padded Archer Armor
21:51 Bodkin Arrow
21:57 Husbandry
22:22 Bow Saw
23:54 Ballistics
24:36 Leather Archer Armor
30:26 Wheelbarrow
Domvee
6:53 Loom
9:26 Feudal Age
14:07 Wheelbarrow
17:38 Double-Bit Axe
17:44 Horse Collar
21:51 Castle Age
22:32 Scale Barding Armor
24:49 Husbandry
25:28 Bloodlines
26:49 Chain Barding Armor
Hallo22062
6:30 Loom
9:11 Feudal Age
9:58 Double-Bit Axe
10:38 Horse Collar
11:58 Horse Collar
14:11 Bloodlines
21:07 Castle Age
19:58 Scale Barding Armor
20:38 Forging
21:50 Husbandry
22:11 Chain Barding Armor
24:02 Bow Saw
24:16 Heavy Plow
27:19 Wheelbarrow
26:40 Stone Mining
28:08 Town Watch
31:02 Stone Shaft Mining
30:17 Gold Mining
33:03 Imperial Age
30:54 Fletching
Dumbledalf I.
6:30 Loom
9:27 Feudal Age
10:26 Double-Bit Axe
10:54 Horse Collar
15:15 Gold Mining
16:06 Fletching
16:16 Padded Archer Armor
16:17 Gold Mining
22:54 Castle Age
21:07 Town Watch
23:10 Wheelbarrow
22:55 Crossbowman
23:32 Bodkin Arrow
24:39 Thumb Ring
25:06 Leather Archer Armor
25:41 Ballistics
28:36 Hand Cart
28:54 Stone Mining
29:08 Heavy Plow
31:35 Gold Shaft Mining
31:17 Bow Saw
32:23 Gold Shaft Mining
Connection lost

Rejoining the realm…

Still unreachable

The connection could not be restored.

Session expired

The server has moved on; the page needs a fresh start.